[Event "GMT Biel Chess Festival rapid"]
[Site "Biel/Bienne, Switzerland"]
[Date "????.??.??"]
[Round "7.3"]
[White "Harikrishna, Pentala"]
[Black "Anton Guijarro, David"]
[Result "1/2-1/2"]
[WhiteElo "2690"]
[BlackElo "2718"]
[PlyCount "85"]
[EventType "rapid"]
[TimeControl "15+5"]
[WhiteClock "0:00:13"]
[BlackClock "0:00:24"]

1. d4 d5 2. c4 dxc4 3. Nf3 Nf6 4. e3 e6 5. Bxc4 c5 6. O-O a6 7. dxc5 Bxc5 8. Qxd8+ Kxd8 9. Nc3 b5 10. Be2 Bb7 11. Nd2 Ke7 12. Nb3 Bd6 13. Na5 Ra7 14. Nxb7 Rxb7 15. Bd2 Rd8 16. Rfd1 Rbd7 17. Be1 g5 18. h3 h5 19. Kf1 Be5 20. Rac1 Rxd1 21. Nxd1 Kd7 22. Rc5 Kd6 23. Bb4 Nc6 24. Rxb5+ Kd7 25. Rb7+ Kc8 26. Rxf7 Nxb4 27. f4 gxf4 28. exf4 Bd4 29. g4 hxg4 30. hxg4 Rd7 31. Rxd7 Kxd7 32. a3 Nbd5 33. f5 e5 34. g5 Nh7 35. g6 Nhf6 36. Bc4 Kd6 37. g7 Ne7 38.
Nf2 a5 39. b4 axb4 40. axb4 e4 41. Nxe4+ Nxe4 42. g8=Q Nxg8 43.
Bxg8 1/2-1/2